ESL (28 & UNDER)
SPRINGFIELD SIMPSONS @ BUFFALO LIGHTSABRES
06/29/2025
 
TOP OF THE 1ST
Springfield Simpsons batting - Pitching for Buffalo LightSabres : LHP Mike O'Brien
Pitching: LHP Mike O'Brien
Batting: RHB António López 0-0: Ball
1-0: Ball
2-0: Ball
3-0: Base on Balls
Batting: RHB Tomás Galindo 0-0: Fielders Choice at 2nd, 3-6 (Groundball, 3)
Batting: RHB Ángel Garza 0-0: Called Strike
Tomás Galindo steals 2nd base
0-1: Foul Ball, location: 2F
0-2: Strikes out swinging
Batting: RHB Brant Sherman 0-0: Ball
1-0: Foul Ball, location: 2F
1-1: Ball
2-1: Ball
3-1: Base on Balls
Batting: RHB Marcos Castillo 0-0: Ball
1-0: Ball
2-0: Called Strike
2-1: Foul Ball, location: 2F
2-2: Foul Ball, location: 2F
2-2: Ball
3-2: Strikes out swinging
Top of the 1st over - 0 run(s), 0 hit(s), 0 error(s), 2 left on base; Springfield 0 - Buffalo 0
BOTTOM OF THE 1ST
Buffalo LightSabres batting - Pitching for Springfield Simpsons : RHP Mark Anderson
Pitching: RHP Mark Anderson
Batting: LHB Lucas Coleman 0-0: Ball
1-0: SINGLE (Groundball, 4MD) (infield hit)
Batting: RHB Keith Sims 0-0: Swinging Strike
0-1: Ball
1-1: Fly out, F8 (Flyball, 8LD)
Batting: LHB Sean Nicks 0-0: Called Strike
0-1: Called Strike
0-2: Grounds into double play, 4-6-3 (Groundball, 4)
Bottom of the 1st over - 0 run(s), 1 hit(s), 0 error(s), 0 left on base; Springfield 0 - Buffalo 0
TOP OF THE 2ND
Springfield Simpsons batting - Pitching for Buffalo LightSabres : LHP Mike O'Brien
Batting: SHB Dave Lee 0-0: Ball
1-0: Ball
2-0: Ball
3-0: Base on Balls
Batting: RHB Manny Ramírez 0-0: Ball
1-0: Foul Ball, location: 2F
1-1: Ball
2-1: Ball
3-1: Foul Ball, location: 2F
3-2: Base on Balls
Dave Lee to second
Batting: SHB Edgardo Osorio 0-0: Ball
1-0: Called Strike
1-1: Called Strike
1-2: Foul Ball, location: 2F
1-2: Ball
2-2: Ball
3-2: Base on Balls
Dave Lee to third
Manny Ramírez to second
Batting: RHB Jeff Lloyd 0-0: SINGLE (Groundball, 6MD)
Dave Lee scores
Manny Ramírez to third
Edgardo Osorio to second
Runner from 3rd tries for Home, SAFE, no throw or cutoff
Batting: RHB António López 0-0: Foul Ball, location: 2F
0-1: Fielders Choice at 2nd, 1-6 (Groundball, 23)
Edgardo Osorio to third
Batting: RHB Tomás Galindo 0-0: Ball
1-0: Swinging Strike
1-1: Ball
2-1: Foul Ball, location: 2F
2-2: Foul Ball, location: 2F
2-2: Strikes out swinging
Batting: RHB Ángel Garza 0-0: Ground out 5-3 (Groundball, 5S)
Top of the 2nd over - 2 run(s), 1 hit(s), 0 error(s), 2 left on base; Springfield 2 - Buffalo 0
BOTTOM OF THE 2ND
Buffalo LightSabres batting - Pitching for Springfield Simpsons : RHP Mark Anderson
Batting: LHB Juan Jose Pineda 0-0: Called Strike
0-1: Ball
1-1: Ball
2-1: Fly out, F7 (Flyball, 7M)
Batting: RHB Naomi Kitamura 0-0: Called Strike
0-1: Ball
1-1: Ground out 6-3 (Groundball, 6)
Batting: LHB Sixto Cortés 0-0: Called Strike
0-1: Ball
1-1: Ball
2-1: Ball
3-1: Foul Ball, location: 2F
3-2: Strikes out swinging
Bottom of the 2nd over - 0 run(s), 0 hit(s), 0 error(s), 0 left on base; Springfield 2 - Buffalo 0
TOP OF THE 3RD
Springfield Simpsons batting - Pitching for Buffalo LightSabres : LHP Mike O'Brien
Batting: RHB Brant Sherman 0-0: Ball
1-0: Ground out 6-3 (Groundball, 6)
Batting: RHB Marcos Castillo 0-0: Foul Ball, location: 2F
0-1: Ball
1-1: Swinging Strike
1-2: DOUBLE (Line Drive, 9LS)
Batting: SHB Dave Lee 0-0: Ball
1-0: Foul Ball, location: 2F
1-1: Foul Ball, location: 2F
1-2: Foul Ball, location: 2F
1-2: Ball
2-2: Strikes out swinging
Batting: RHB Manny Ramírez 0-0: Called Strike
0-1: Called Strike
0-2: SINGLE (Line Drive, 7S)
Marcos Castillo to third
Batting: SHB Edgardo Osorio 0-0: Ball
1-0: Ball
Wild Pitch!
Marcos Castillo scores
Manny Ramírez to second
2-0: Swinging Strike
2-1: Ground out 6-3 (Groundball, 6)
Top of the 3rd over - 1 run(s), 2 hit(s), 0 error(s), 1 left on base; Springfield 3 - Buffalo 0
BOTTOM OF THE 3RD
Buffalo LightSabres batting - Pitching for Springfield Simpsons : RHP Mark Anderson
Batting: RHB Sean King 0-0: Called Strike
0-1: Swinging Strike
0-2: Strikes out swinging
Batting: RHB Pedro Carranza 0-0: Ball
1-0: Ball
2-0: Swinging Strike
2-1: Swinging Strike
2-2: Strikes out swinging
Batting: RHB Jorge Martínez 0-0: Called Strike
0-1: Ball
1-1: Swinging Strike
1-2: Ball
2-2: Strikes out swinging
Bottom of the 3rd over - 0 run(s), 0 hit(s), 0 error(s), 0 left on base; Springfield 3 - Buffalo 0
TOP OF THE 4TH
Springfield Simpsons batting - Pitching for Buffalo LightSabres : LHP Mike O'Brien
Batting: RHB Jeff Lloyd 0-0: Called Strike
0-1: Swinging Strike
0-2: Strikes out swinging
Batting: RHB António López 0-0: Ball
1-0: Called Strike
1-1: SINGLE (Line Drive, 56D)
Batting: RHB Tomás Galindo 0-0: Ball
Throwing error on steal attempt, E2
António López to third
1-0: SINGLE (Groundball, 56)
António López scores
Batting: RHB Ángel Garza 0-0: Ball
1-0: Ball
2-0: Ball
3-0: Called Strike
3-1: SINGLE (Line Drive, 5L)
Tomás Galindo to second
Batting: RHB Brant Sherman 0-0: Ball
Tomás Galindo steals 3rd base
Ángel Garza to second
1-0: Swinging Strike
1-1: Ball
2-1: Called Strike
2-2: Hit by Pitch
Pitching: RHP Jacob Christian
Batting: RHB Marcos Castillo 0-0: Fly out, F6 (Popup, 8LS)
Batting: SHB Dave Lee 0-0: Swinging Strike
0-1: Ball
1-1: Called Strike
1-2: Ball
2-2: Ball
3-2: Foul Ball, location: 2F
3-2: Foul Ball, location: 2F
3-2: Base on Balls
Tomás Galindo scores
Ángel Garza to third
Brant Sherman to second
Batting: RHB Manny Ramírez 0-0: Foul Ball, location: 2F
0-1: Foul Ball, location: 2F
0-2: Strikes out swinging
Top of the 4th over - 2 run(s), 3 hit(s), 1 error(s), 3 left on base; Springfield 5 - Buffalo 0
BOTTOM OF THE 4TH
Buffalo LightSabres batting - Pitching for Springfield Simpsons : RHP Mark Anderson
Batting: LHB Lucas Coleman 0-0: Called Strike
0-1: Ball
1-1: Ball
2-1: Foul Ball, location: 2F
2-2: Strikes out swinging
Batting: RHB Keith Sims 0-0: Called Strike
0-1: Swinging Strike
0-2: Ball
1-2: Ball
2-2: Ball
3-2: Fly out, F6 (Popup, 6MS)
Batting: LHB Sean Nicks 0-0: Called Strike
0-1: Foul Ball, location: 2F
0-2: Ground out 4-3 (Groundball, 4)
Bottom of the 4th over - 0 run(s), 0 hit(s), 0 error(s), 0 left on base; Springfield 5 - Buffalo 0
TOP OF THE 5TH
Springfield Simpsons batting - Pitching for Buffalo LightSabres : RHP Jacob Christian
Batting: SHB Edgardo Osorio 0-0: Foul Ball, location: 2F
0-1: Ball
1-1: Foul Ball, location: 2F
1-2: Strikes out swinging
Batting: RHB Jeff Lloyd 0-0: Ball
1-0: Foul Ball, location: 2F
1-1: Fly out, F6 (Popup, 6MD)
Batting: RHB António López 0-0: Ball
1-0: Ball
2-0: Fly out, F8 (Flyball, 8LD)
Top of the 5th over - 0 run(s), 0 hit(s), 0 error(s), 0 left on base; Springfield 5 - Buffalo 0
BOTTOM OF THE 5TH
Buffalo LightSabres batting - Pitching for Springfield Simpsons : RHP Mark Anderson
Batting: LHB Juan Jose Pineda 0-0: Foul Ball, location: 2F
0-1: Fly out, F5 (Popup, 5SF)
Batting: RHB Naomi Kitamura 0-0: Called Strike
0-1: Called Strike
0-2: Strikes out swinging
Batting: LHB Sixto Cortés 0-0: Fly out, F5 (Popup, 5S)
Bottom of the 5th over - 0 run(s), 0 hit(s), 0 error(s), 0 left on base; Springfield 5 - Buffalo 0
TOP OF THE 6TH
Springfield Simpsons batting - Pitching for Buffalo LightSabres : RHP Jacob Christian
Batting: RHB Tomás Galindo 0-0: Ball
1-0: SINGLE (Line Drive, 6MD)
Batting: RHB Ángel Garza 0-0: Ball
1-0: Called Strike
1-1: Ball
2-1: Called Strike
2-2: Ball
3-2: Foul Ball, location: 2F
3-2: SINGLE (Groundball, 56)
Tomás Galindo to second
Batting: RHB Brant Sherman 0-0: Ball
1-0: Ball
2-0: Ball
3-0: Called Strike
3-1: Called Strike
3-2: Base on Balls
Tomás Galindo to third
Ángel Garza to second
Batting: RHB Marcos Castillo 0-0: Ball
1-0: Called Strike
1-1: Fly out, F7 (Popup, 6D)
Batting: SHB Dave Lee 0-0: Called Strike
0-1: SINGLE (Line Drive, 6MD)
Tomás Galindo scores
Ángel Garza to third
Brant Sherman to second
Batting: RHB Manny Ramírez 0-0: Fly out, F9 (Flyball, 89M)
Runner from 3rd tags up, SCORES, no throw
Batting: SHB Edgardo Osorio 0-0: Ball
1-0: Called Strike
1-1: Ball
2-1: Foul Ball, location: 2F
2-2: Foul Ball, location: 2F
2-2: Strikes out swinging
Top of the 6th over - 2 run(s), 3 hit(s), 0 error(s), 2 left on base; Springfield 7 - Buffalo 0
BOTTOM OF THE 6TH
Buffalo LightSabres batting - Pitching for Springfield Simpsons : RHP Mark Anderson
Batting: RHB Sean King 0-0: Called Strike
0-1: Swinging Strike
0-2: Ball
1-2: Strikes out swinging
Batting: RHB Pedro Carranza 0-0: Ball
1-0: Foul Ball, location: 2F
1-1: Ground out 6-3 (Groundball, 6)
Batting: RHB Jorge Martínez 0-0: Ground out 6-3 (Groundball, 6)
Bottom of the 6th over - 0 run(s), 0 hit(s), 0 error(s), 0 left on base; Springfield 7 - Buffalo 0
TOP OF THE 7TH
Springfield Simpsons batting - Pitching for Buffalo LightSabres : RHP Jacob Christian
Pitching: RHP Pat Monroe
Batting: RHB Jeff Lloyd 0-0: Fly out, F7 (Flyball, 7D)
Batting: RHB António López 0-0: Ball
1-0: Ball
2-0: Ball
3-0: Called Strike
3-1: Fly out, F9 (Flyball, 9S)
Batting: RHB Tomás Galindo 0-0: Ball
1-0: Swinging Strike
1-1: Ball
2-1: Ball
3-1: Ground out 6-3 (Groundball, 6)
Top of the 7th over - 0 run(s), 0 hit(s), 0 error(s), 0 left on base; Springfield 7 - Buffalo 0
BOTTOM OF THE 7TH
Buffalo LightSabres batting - Pitching for Springfield Simpsons : RHP Mark Anderson
Batting: LHB Lucas Coleman 0-0: Called Strike
0-1: Swinging Strike
0-2: Ball
1-2: Strikes out looking
Batting: RHB Keith Sims 0-0: Ball
1-0: Swinging Strike
1-1: Called Strike
1-2: Ball
2-2: Strikes out swinging
Batting: LHB Sean Nicks 0-0: Ball
1-0: Called Strike
1-1: Ball
2-1: Ball
3-1: Base on Balls
Batting: LHB Juan Jose Pineda 0-0: Ball
1-0: Ball
2-0: Ball
3-0: Swinging Strike
3-1: Foul Ball, location: 2F
3-2: Foul Ball, location: 2F
3-2: Foul Ball, location: 2F
3-2: Base on Balls
Sean Nicks to second
Batting: RHB Naomi Kitamura 0-0: Swinging Strike
0-1: Foul Ball, location: 2F
0-2: Fly out, F7 (Flyball, 7M)
Bottom of the 7th over - 0 run(s), 0 hit(s), 0 error(s), 2 left on base; Springfield 7 - Buffalo 0
TOP OF THE 8TH
Springfield Simpsons batting - Pitching for Buffalo LightSabres : RHP Pat Monroe
Batting: RHB Ángel Garza 0-0: Ball
1-0: Called Strike
1-1: Ball
2-1: Foul Ball, location: 2F
2-2: Foul Ball, location: 2F
2-2: Strikes out looking
Batting: RHB Brant Sherman 0-0: Ball
1-0: Ground out 6-3 (Groundball, 6M)
Pinch Hitting: RHB Gavin Downey 0-0: Swinging Strike
0-1: Ball
1-1: SINGLE (Line Drive, 56)
Batting: SHB Dave Lee 0-0: Ball
1-0: Ball
2-0: Ball
3-0: Called Strike
3-1: Foul Ball, location: 2F
3-2: Base on Balls
Gavin Downey to second
Batting: RHB Manny Ramírez 0-0: 3-RUN HOME RUN (Flyball, 78XD), Distance : 394 ft
Batting: SHB Edgardo Osorio 0-0: Called Strike
0-1: Swinging Strike
0-2: Ball
1-2: Ball
2-2: Strikes out swinging
Top of the 8th over - 3 run(s), 2 hit(s), 0 error(s), 0 left on base; Springfield 10 - Buffalo 0
BOTTOM OF THE 8TH
Buffalo LightSabres batting - Pitching for Springfield Simpsons : RHP Mark Anderson
Now at 1B: Gavin Downey
Batting: LHB Sixto Cortés 0-0: Foul Ball, location: 2F
0-1: Foul Ball, location: 2F
0-2: Ball
1-2: Strikes out swinging
Batting: RHB Sean King 0-0: Called Strike
0-1: Ball
1-1: Fly out, F6 (Line Drive, 6D)
Batting: RHB Pedro Carranza 0-0: SINGLE (Groundball, 56D)
Pitching: LHP Alberto Martínez
Batting: RHB Jorge Martínez 0-0: Swinging Strike
0-1: Foul Ball, location: 2F
0-2: Foul Ball, location: 2F
0-2: Strikes out swinging
Bottom of the 8th over - 0 run(s), 1 hit(s), 0 error(s), 1 left on base; Springfield 10 - Buffalo 0
TOP OF THE 9TH
Springfield Simpsons batting - Pitching for Buffalo LightSabres : RHP Pat Monroe
Batting: RHB Jeff Lloyd 0-0: Called Strike
0-1: Foul Ball, location: 2F
0-2: Strikes out swinging
Batting: RHB António López 0-0: Called Strike
0-1: Foul Ball, location: 2F
0-2: Hit by Pitch
Batting: RHB Tomás Galindo 0-0: Called Strike
0-1: Grounds into double play, 6-4-3 (Groundball, 6)
Top of the 9th over - 0 run(s), 0 hit(s), 0 error(s), 0 left on base; Springfield 10 - Buffalo 0
BOTTOM OF THE 9TH
Buffalo LightSabres batting - Pitching for Springfield Simpsons : LHP Alberto Martínez
Batting: LHB Lucas Coleman 0-0: Ball
1-0: Called Strike
1-1: Called Strike
1-2: Strikes out looking
Batting: RHB Keith Sims 0-0: Called Strike
0-1: Foul Ball, location: 2F
0-2: Ball
1-2: Ball
2-2: Ball
3-2: SINGLE (Line Drive, 78S)
Batting: LHB Sean Nicks 0-0: Foul Ball, location: 2F
0-1: DOUBLE (Line Drive, 8LXD)
Keith Sims to third
Batting: LHB Juan Jose Pineda 0-0: Ball
1-0: Ball
2-0: Ground out U3 (Groundball, 3)
Batting: RHB Naomi Kitamura 0-0: Ball
1-0: Ball
2-0: Called Strike
2-1: Swinging Strike
2-2: DOUBLE (Flyball, 7LS)
Keith Sims scores
Sean Nicks scores
Batting: LHB Sixto Cortés 0-0: Called Strike
0-1: Fly out, F6 (Line Drive, 6M)
Bottom of the 9th over - 2 run(s), 3 hit(s), 0 error(s), 1 left on base; Springfield 10 - Buffalo 2
This league is powered by Out of the Park Baseball, the baseball management simulation game for PC, Mac and Linux
Tuesday, August 2nd, 2016 - OOTP Baseball 16.8 Build 38